Map: Vigía EE

Players

MrFercho

  • Race: Zerg Zerg
  • League: Silver
  • Spawn Location: 9:00

tigro

  • Race: Terran Terran
  • League: Bronze
  • Spawn Location: 12:00

TATORREA

  • Race: Protoss Protoss
  • League: Gold
  • Spawn Location: 9:00

Boilermaker

  • Race: Protoss Protoss
  • Spawn Location: 6:00

Shane

  • Race: Protoss Protoss
  • Spawn Location: 5:00

Andy

  • Race: Terran Terran
  • League: Silver
  • Spawn Location: 5:00

VOD

Have the link to the VOD?

Description

Time

  • Played on: July 4, 2020, 9:27 p.m.
  • Length: 19:04
Show
View Real Time Build Order
Export as new Build Order

MrFercho Zerg 

Build Orders: Hatch First 

Get SALT Encoding   

  12  0:01  Drone  
  13  0:14  Overlord  
  13  0:19  Drone  
  14  0:32  Drone x2  
  16  0:50  Hatchery  
  16  0:54  Drone  
  16  0:56  Drone  
  17  1:05  Drone  
  18  1:15  Spawning Pool  
  17  1:21  Overlord  
  17  1:26  Drone  
  18  1:33  Drone  
  19  1:41  Drone  
  19  1:45  Extractor  
  19  1:51  Drone  
  20  2:03  Queen  
  20  2:04  Queen  
  20  2:05  Overlord  
  24  2:08  Zergling x2  
  24  2:13  Drone x2  
  27  2:23  Drone  
  27  2:24  Drone  
  29  2:39  Zergling x2  
  29  2:40  Zergling x2  
  31  2:46  Lair  
  31  2:51  Drone x2  
  33  2:56  Drone x2  
  35  3:28  Drone x2  
  35  3:29  Drone x7  
  35  3:30  Roach Warren  
  43  3:40  Extractor x2  
  41  3:52  Evolution Chamber, Drone  
  41  3:55  Drone x3  
  44  4:03  Hydralisk Den  
  44  4:06  Overlord  
  44  4:07  Overlord x3  
  43  4:10  Drone  
  44  4:35  Drone x3  
  44  4:36  Drone x3  
  50  4:39  Muscular Augments, Glial Reconstitution  
  50  4:54  Extractor  
  49  5:09  Overseer  
  49  5:18  Hatchery  
  48  5:22  Drone x6  
  48  5:24  Overlord  
  48  5:26  Overlord x2  
  54  5:33  Drone x3  
  54  5:34  Drone  
  58  5:43  Hatchery  
  57  5:50  Grooved Spines, Drone x2  
  59  5:58  Tunneling Claws  
  59  6:11  Hydralisk x8  
  59  6:14  Overseer  
  75  6:25  Spore Crawler  
  74  6:27  Spore Crawler  
  73  6:33  Spine Crawler  
  73  6:34  Drone x3  
  73  6:37  Spine Crawler  
  73  6:39  Spine Crawler  
  73  6:43  Spine Crawler  
  73  6:45  Spine Crawler  
  73  6:46  Spine Crawler, Spore Crawler, Drone x6  
  75  6:50  Spine Crawler  
  67  7:30  Hydralisk x8  
  67  7:31  Hydralisk  
  85  7:40  Zerg Missile Weapons Level 1, Lurker Den  
  84  7:50  Metabolic Boost  
  84  7:51  Infestation Pit  
  84  7:57  Overlord x2  
  84  7:58  Overlord x2  
  83  7:59  Overlord x5  
  83  8:39  Drone x2  
  83  8:40  Drone x12  
  97  8:47  Extractor  
  96  8:49  Extractor  
  96  8:50  Hydralisk x7  
  105  8:59  Hive  
  101  9:06  Evolution Chamber  
  100  9:12  Hydralisk x15  
  100  9:13  Hydralisk x2  
  132  9:27  Queen  
  134  9:35  Hatchery  
  133  9:39  Overseer  
  133  9:58  Hydralisk x9  
  151  10:01  Nydus Network  
  150  10:17  Lurker  
  150  10:18  Lurker x2  
  153  10:40  Zerg Missile Weapons Level 2  
  153  10:41  Zerg Ground Armor Level 1  
  153  10:48  Overseer  
  153  11:35  Nydus Canal  
  138  12:19  Hydralisk x15  
  138  12:20  Hydralisk x11  
  138  12:21  Hydralisk  
  178  12:22  Overlord  
  178  12:23  Overlord x3  
  132  12:52  Hydralisk x9  
  150  13:00  Overseer x3  
  150  13:01  Overseer  
  147  13:19  Pneumatized Carapace  
  147  13:40  Spire  
  143  14:14  Spore Crawler  
  142  14:38  Overseer  
  142  14:39  Overseer x2  
  142  15:03  Corruptor x12  
  166  15:55  Zerg Missile Weapons Level 3  
  166  15:56  Zerg Ground Armor Level 2  
  165  15:58  Seismic Spines  
  134  16:13  Corruptor x7  
  91  16:55  Adaptive Talons  
  91  16:57  Hydralisk  
  91  16:58  Hydralisk x11  
  95  17:21  Hydralisk x6  
  97  17:24  Zergling x8  
  97  17:25  Zergling x12  
  99  17:54  Spore Crawler x3  
  99  17:57  Spore Crawler x3  
  99  17:58  Spore Crawler x3  
  80  17:59  Spore Crawler x3  
  80  18:00  Spore Crawler x2  
  80  18:03  Spore Crawler x2  
  80  18:04  Zergling x16, Spore Crawler  
  80  18:05  Zergling x26, Spore Crawler  
  77  18:25  Hydralisk x9  
Show
View Real Time Build Order
Export as new Build Order

tigro Terran 

Build Orders:  

Get SALT Encoding   

  12  0:03  SCV  
  13  0:15  SCV  
  14  0:25  Supply Depot  
  14  0:29  SCV  
  15  0:40  Refinery  
  15  0:47  SCV  
  15  0:49  Barracks  
  16  0:59  SCV  
  17  1:10  Refinery  
  18  1:11  SCV  
  18  1:22  Supply Depot  
  18  1:23  SCV  
  19  1:35  SCV  
  19  1:38  Marine  
  21  1:47  SCV  
  22  1:55  Marine  
  22  1:59  SCV  
  24  2:08  Factory  
  24  2:11  SCV  
  24  2:13  Marine  
  26  2:22  Engineering Bay  
  26  2:24  SCV  
  27  2:31  Marine  
  28  2:49  Marine  
  29  2:52  Terran Infantry Weapons Level 1  
  29  2:54  Barracks  
  29  3:02  Orbital Command  
  29  3:04  Factory Tech Lab  
  29  3:28  Command Center  
  29  3:31  Barracks Reactor  
  29  3:50  Refinery  
  29  3:54  Siege Tank  
  32  3:59  Barracks Tech Lab  
  32  4:27  Combat Shield  
  32  4:35  Marine x3  
  35  4:41  Refinery  
  35  4:45  SCV  
  36  4:46  Terran Infantry Armor Level 1  
  36  4:53  Marine x3  
  36  4:54  Cyclone  
  36  4:57  SCV  
  43  5:09  SCV  
  44  5:21  SCV  
  45  5:30  Starport  
  45  5:34  SCV  
  46  5:46  SCV, Stimpack  
  47  5:58  SCV  
  48  6:07  Medivac  
  48  6:08  Starport  
  50  6:19  Marine x3  
  53  6:36  Marine  
  53  6:37  Marine x2  
  56  6:40  Hi-Sec Auto Tracking  
  56  6:54  Marine x3  
  53  7:12  Marine x3  
  55  7:25  Medivac  
  59  7:30  Marine x3  
  59  7:32  Starport Tech Lab  
  60  7:37  Neosteel Armor  
  60  7:39  Fusion Core  
  60  7:48  Marine x2  
  62  8:12  Marine x2  
  62  8:13  Marine  
  47  8:27  Armory  
  47  8:29  Marine  
  47  8:30  Marine  
  47  8:31  Marine  
  44  8:47  Marine  
  44  8:48  Marine  
  46  8:49  Marine  
  47  8:59  Cyclone  
  50  9:02  Starport Tech Lab  
  50  9:05  Marine, Weapon Refit  
  50  9:06  Marine  
  50  9:07  Marine  
  53  9:23  Medivac, Marine x2  
  57  9:25  Marine  
  57  9:27  Medivac  
  60  9:41  Marine x2  
  62  9:46  Supply Depot  
  62  10:06  Terran Infantry Weapons Level 2  
  62  10:08  Cyclone, Marine x3  
  62  10:10  Supply Depot  
  68  10:26  Marine x2  
  70  10:29  Battlecruiser, Marine  
  70  10:34  Supply Depot  
  77  10:40  Cyclone  
  80  10:43  Marine x2  
  80  10:45  Rapid Reignition System  
  80  10:47  Marine  
  83  11:01  Marine x2  
  85  11:04  Marine  
  85  11:10  Terran Vehicle Weapons Level 1  
  86  11:12  Cyclone  
  86  11:16  Command Center  
  86  11:17  Mag-Field Accelerator  
  89  11:22  Marine  
  90  11:44  Cyclone  
  70  12:12  Missile Turret  
  63  12:22  Terran Infantry Armor Level 2  
  58  12:32  Missile Turret  
  46  12:53  Missile Turret  
  39  13:05  Terran Vehicle And Ship Armor Level 1  
  39  13:09  Refinery  
  39  13:13  Missile Turret  
  39  13:31  SCV  
  40  13:36  Missile Turret, Command Center  
  40  13:43  SCV  
  42  13:55  SCV  
  42  13:57  Missile Turret  
  42  14:07  SCV  
  43  14:16  Missile Turret  
  43  14:17  Missile Turret  
  43  14:19  SCV  
  44  14:24  Refinery  
  44  14:32  SCV  
  44  14:37  Missile Turret x2  
  44  14:38  Terran Infantry Weapons Level 3  
  45  14:44  SCV  
  46  14:50  Marine  
  46  14:51  Marine x2  
  46  14:52  Refinery  
  49  14:56  SCV  
  49  14:57  Missile Turret x2  
  49  14:59  Terran Ship Weapons Level 1  
  50  15:08  Marine x3  
  50  15:13  Medivac  
  55  15:14  Medivac  
  55  15:18  Missile Turret  
  55  15:20  Missile Turret  
  57  15:26  Marine x3  
  60  15:33  SCV  
  61  15:37  Refinery  
  61  15:38  Missile Turret  
  61  15:44  Marine x2  
  61  15:46  SCV  
  64  15:58  SCV  
  64  15:59  Missile Turret  
  64  16:02  Missile Turret  
  65  16:10  SCV  
  66  16:19  Missile Turret  
  66  16:22  SCV  
  66  16:24  Missile Turret  
  30  17:15  Medivac x2  
  34  17:18  Marine x2  
  34  17:19  Marine  
  37  17:35  Marine  
  37  17:36  Marine  
  39  17:37  Marine  
  40  17:45  Battlecruiser x2  
  52  17:53  Marine  
  52  17:54  Marine  
  52  17:55  Marine  
  55  18:11  Marine x2  
  52  18:13  Marine  
  53  18:29  Marine x2  
  53  18:31  Marine  
Show
View Real Time Build Order
Export as new Build Order

TATORREA Protoss 

Build Orders:  

Get SALT Encoding   

  12  0:01  Probe  
  13  0:13  Probe  
  14  0:25  Probe  
  15  0:32  Pylon  
  15  0:41  Assimilator  
  15  0:50  Probe  
  15  0:52  Gateway  
  16  1:01  Probe  
  17  1:09  Probe  
  17  1:12  Pylon  
  17  1:17  Probe  
  19  1:28  Probe  
  20  1:40  Probe  
  20  1:43  Zealot  
  23  1:52  Probe, Nexus  
  24  1:57  Assimilator  
  24  2:17  Cybernetics Core  
  24  2:19  Gateway  
  24  2:21  Probe  
  25  2:33  Probe  
  26  2:45  Probe  
  27  2:56  Stargate  
  27  2:59  Gateway  
  27  3:00  Probe  
  27  3:01  Gateway  
  27  3:05  Probe  
  29  3:07  Warp Gate  
  29  3:16  Stalker  
  31  3:23  Stalker  
  33  3:33  Probe  
  33  3:34  Probe  
  35  3:41  Probe  
  35  3:42  Probe  
  37  3:49  Sentry  
  37  3:51  Probe x2  
  37  3:53  Stalker  
  43  4:01  Robotics Facility  
  43  4:04  Probe x2  
  45  4:21  Probe  
  46  4:26  Pylon  
  46  4:29  Pylon  
  46  4:32  Pylon  
  46  4:44  Probe  
  47  4:53  Nexus  
  47  4:57  Pylon  
  47  5:00  Pylon  
  47  5:07  Assimilator  
  47  5:08  Pylon  
  47  5:11  Pylon  
  47  5:12  Assimilator  
  47  5:17  Pylon  
  47  5:20  Probe, Pylon  
  47  5:21  Probe  
  49  5:25  Fleet Beacon  
  49  5:29  Probe x2  
  51  5:37  Probe x2  
  53  5:44  Stalker x2  
  53  5:47  Probe x2  
  59  5:52  Observer  
  60  5:59  Probe x2  
  62  6:11  Probe  
  63  6:13  Immortal, Gateway  
  63  6:14  Probe x2  
  63  6:16  Gateway  
  69  6:24  Stalker x2  
  73  6:26  Stalker  
  73  6:30  Stalker  
  73  6:32  Probe  
  78  6:34  Probe  
  78  6:35  Probe  
  76  6:52  Stalker x2  
  76  6:53  Stalker x2  
  58  7:14  Stalker  
  58  7:15  Stalker x2  
  58  7:18  Stalker x2  
  64  7:33  Nexus  
  64  7:38  Gateway  
  64  7:39  Probe x2  
  64  7:40  Gateway  
  64  7:43  Gateway  
  66  7:51  Stalker  
  66  7:52  Stalker x2  
  72  8:09  Probe x2  
  74  8:15  Assimilator  
  74  8:17  Phoenix  
  74  8:19  Anion Pulse-Crystals  
  76  8:23  Assimilator  
  76  8:30  Stargate  
  76  8:31  Stargate  
  76  8:33  Cybernetics Core  
  76  8:34  Stargate  
  76  8:36  Probe x2  
  76  8:38  Protoss Air Weapons Level 1  
  78  8:42  Phoenix  
  80  9:06  Probe x2  
  80  9:07  Probe  
  83  9:26  Phoenix x3  
  83  9:27  Protoss Air Armor Level 1, Phoenix, Nexus  
  83  9:28  Pylon  
  83  9:31  Pylon  
  91  9:44  Forge  
  91  9:46  Forge  
  91  9:48  Forge  
  91  9:50  Twilight Council  
  91  9:54  Probe x3  
  94  10:06  Phoenix x4  
  102  10:12  Protoss Shields Level 1, Protoss Ground Weapons Level 1  
  102  10:13  Stalker x2  
  106  10:14  Protoss Ground Armor Level 1  
  106  10:30  Blink  
  106  10:35  Phoenix  
  106  10:36  Phoenix  
  106  10:38  Phoenix  
  106  10:42  Phoenix  
  114  10:44  Probe  
  114  10:45  Probe  
  114  10:46  Probe  
  114  10:47  Probe  
  118  10:52  Stalker x2  
  118  10:56  Stalker  
  124  11:03  Assimilator  
  124  11:07  Assimilator  
  124  11:10  Probe  
  124  11:11  Probe x3  
  127  11:16  Phoenix  
  127  11:17  Phoenix x2  
  134  11:19  Phoenix  
  136  11:30  Protoss Air Weapons Level 2  
  136  11:49  Probe x4  
  140  11:55  Nexus  
  140  11:57  Pylon  
  140  11:59  Pylon  
  140  12:01  Probe x3  
  140  12:02  Probe  
  144  12:09  Phoenix x2  
  144  12:10  Phoenix x2  
  124  12:49  Observer  
  109  12:51  Phoenix x4  
  132  12:59  Stalker x4  
  140  13:16  Phoenix x3  
  146  13:21  Pylon  
  146  13:23  Pylon  
  146  13:24  Pylon  
  146  13:25  Pylon  
  146  13:29  Pylon  
  146  13:32  Pylon, Nexus  
  146  13:33  Pylon  
  146  13:39  Pylon  
  136  13:57  Assimilator  
  130  14:12  Probe  
  130  14:13  Probe x3  
  134  14:24  Probe, Assimilator  
  134  14:25  Probe x3  
  134  14:27  Stalker x2  
  134  14:28  Stalker x4  
  150  14:37  Probe x4  
  154  14:43  Gateway  
  154  14:44  Gateway x2  
  154  14:45  Gateway  
  154  14:48  Gateway  
  154  14:49  Probe x3, Gateway  
  154  14:51  Probe x2, Gateway x2  
  159  14:53  Gateway x2  
  159  14:57  Gateway  
  159  14:58  Protoss Ground Weapons Level 2  
  159  15:01  Probe  
  160  15:09  Protoss Air Weapons Level 3  
  160  15:15  Phoenix x2  
  160  15:16  Phoenix x2  
  112  15:53  Stalker x4  
  112  15:54  Stalker x4  
  112  15:55  Stalker x3  
  112  15:56  Stalker x4  
  117  15:57  Stalker  
  117  16:02  Probe x4  
  116  16:08  Phoenix x2  
Show
View Real Time Build Order
Export as new Build Order

Boilermaker Protoss 

Build Orders: Nexus First 

Get SALT Encoding   

  12  0:45  Nexus  
  12  0:55  Pylon  
  12  0:57  Probe  
  12  1:01  Assimilator  
  13  1:05  Probe  
  14  1:16  Assimilator  
  14  1:32  Gateway  
  14  1:36  Probe  
  14  1:45  Probe  
  16  1:54  Probe  
  17  2:06  Probe  
  18  2:18  Zealot  
  18  2:21  Gateway  
  18  2:23  Gateway  
  20  2:37  Probe  
  21  2:45  Probe  
  22  2:55  Probe  
  22  2:56  Zealot  
  25  3:23  Zealot  
  25  3:26  Cybernetics Core  
  27  3:46  Zealot  
  27  3:54  Zealot x2  
  33  4:11  Zealot  
  35  4:21  Zealot  
  37  5:00  Pylon  
  37  5:18  Zealot x3  
  43  5:27  Pylon, Warp Gate  
  43  5:45  Zealot x3  
  49  6:12  Zealot x2  
  53  6:53  Zealot  
  33  7:20  Zealot, Gateway  
  33  7:21  Gateway  
  35  7:25  Gateway  
  35  7:27  Zealot  
  35  7:28  Zealot, Gateway  
  29  7:54  Stalker x3  
  32  8:42  Zealot x3  
  32  8:43  Zealot x3  
  32  8:44  Zealot  
  20  9:47  Twilight Council  
  20  9:57  Forge  
  20  10:01  Probe  
  20  10:04  Forge  
  20  10:06  Assimilator  
  21  10:08  Assimilator  
  21  10:13  Probe  
  22  10:16  Stalker x2, Charge  
  22  10:17  Stalker x5  
  36  10:25  Probe  
  37  10:37  Probe, Dark Shrine  
  38  10:49  Probe, Protoss Shields Level 1  
  39  11:16  Nexus  
  39  11:17  Probe  
  40  11:29  Probe  
  41  11:41  Probe  
  42  11:49  Dark Templar  
  42  11:50  Dark Templar x4  
  42  11:53  Probe  
  53  12:05  Probe  
  54  12:57  Protoss Ground Weapons Level 1  
  54  13:17  Probe  
  55  13:25  Probe  
  56  13:34  Probe  
  56  13:35  Dark Templar x3  
  56  13:36  Dark Templar x3  
  69  13:46  Probe  
  48  13:58  Probe  
  49  14:10  Dark Templar  
  49  14:11  Dark Templar x3  
  49  14:12  Protoss Shields Level 2  
  49  14:13  Archon x2  
  49  14:14  Archon x2  
  49  14:15  Archon  
  55  14:30  Dark Templar x3  
  61  14:37  Archon  
  61  14:42  Probe  
  61  14:50  Probe  
  62  14:53  Assimilator  
  62  14:55  Probe  
  62  14:58  Assimilator  
  64  15:00  Probe  
  64  15:04  Probe  
  65  15:07  Dark Templar  
  65  15:12  Probe  
  65  15:13  Archon  
  69  16:02  Probe x2  
  55  16:14  Probe  
  56  16:26  Probe  
  57  16:46  Protoss Ground Armor Level 1  
  57  17:09  Zealot x2  
  57  17:10  Zealot x4  
  69  17:34  Gateway  
  69  17:35  Gateway  
  69  17:37  Gateway  
  69  17:40  Gateway  
  67  17:44  Gateway  
  67  17:49  Gateway  
  45  18:24  Dark Templar x3  
  45  18:25  Dark Templar x4  
  59  18:31  Zealot x3  
  65  19:00  Dark Templar x2  
Show
View Real Time Build Order
Export as new Build Order

Shane Protoss 

Build Orders: Carriers 

Get SALT Encoding   

  12  0:10  Probe  
  13  0:22  Probe  
  13  0:26  Pylon  
  14  0:45  Gateway  
  14  0:50  Forge  
  14  0:56  Assimilator  
  14  0:59  Probe  
  15  1:09  Assimilator  
  15  1:11  Probe  
  16  1:23  Probe  
  17  1:35  Probe  
  17  1:38  Photon Cannon  
  18  1:53  Photon Cannon  
  18  2:03  Pylon  
  18  2:21  Nexus  
  18  2:28  Pylon  
  18  2:33  Probe  
  19  2:45  Probe  
  19  2:51  Cybernetics Core  
  20  2:57  Probe  
  21  3:09  Probe  
  22  3:19  Photon Cannon  
  22  3:22  Probe  
  23  3:30  Stargate  
  23  3:31  Probe  
  23  3:34  Probe  
  24  3:39  Probe  
  25  3:46  Probe  
  27  3:49  Assimilator  
  27  3:50  Probe  
  27  3:54  Assimilator  
  28  4:02  Probe  
  29  4:08  Stargate  
  29  4:14  Probe  
  30  4:19  Pylon  
  30  4:26  Probe  
  30  4:27  Void Ray  
  35  4:47  Probe  
  36  4:53  Probe  
  36  4:59  Probe  
  38  5:05  Probe  
  39  5:10  Void Ray  
  39  5:11  Probe  
  44  5:16  Robotics Facility  
  44  5:17  Probe  
  45  5:24  Probe  
  45  5:28  Fleet Beacon  
  46  5:29  Probe  
  47  5:36  Probe  
  47  5:41  Probe  
  49  5:48  Probe  
  50  6:00  Probe  
  51  6:07  Stargate  
  51  6:12  Probe, Flux Vanes  
  51  6:17  Cybernetics Core  
  52  6:22  Observer  
  52  6:24  Probe  
  54  6:31  Carrier  
  60  6:44  Observer  
  61  6:49  Carrier  
  59  7:06  Probe  
  60  7:17  Nexus  
  60  7:19  Probe, Assimilator  
  61  7:23  Assimilator  
  61  7:26  Pylon  
  61  7:29  Pylon  
  61  7:31  Pylon  
  61  7:32  Pylon  
  61  7:33  Pylon  
  61  7:44  Carrier  
  61  7:46  Tempest  
  61  7:51  Carrier  
  66  8:20  Carrier  
  66  8:25  Photon Cannon  
  66  8:27  Photon Cannon  
  66  8:29  Photon Cannon  
  66  8:31  Photon Cannon  
  66  8:32  Probe  
  66  8:33  Probe  
  74  8:38  Carrier  
  74  8:44  Probe  
  74  8:45  Probe  
  82  8:56  Probe  
  82  8:58  Probe, Carrier  
  84  9:07  Stargate  
  84  9:08  Probe  
  91  9:10  Probe  
  91  9:11  Probe  
  93  9:20  Probe  
  93  9:22  Probe  
  93  9:24  Probe  
  96  9:32  Pylon  
  96  9:33  Probe  
  96  9:34  Probe  
  98  9:39  Carrier  
  98  9:45  Probe  
  99  9:46  Probe  
  99  9:48  Protoss Air Weapons Level 1  
  99  9:49  Carrier  
  112  9:56  Pylon  
  112  9:57  Probe  
  112  9:58  Probe, Pylon  
  114  10:00  Tempest  
  113  10:09  Carrier  
  124  10:24  Cybernetics Core  
  124  10:30  Probe  
  125  10:42  Probe, Protoss Air Armor Level 1  
  126  10:43  Carrier  
  126  10:44  Carrier  
  138  10:54  Probe  
  139  11:06  Probe  
  140  11:18  Probe  
  141  12:20  Carrier  
  141  12:23  Carrier  
  141  12:27  Carrier  
  141  12:32  Carrier  
  129  13:14  Assimilator  
  129  13:19  Assimilator  
  129  13:21  Pylon  
  129  13:24  Carrier, Pylon  
  135  13:28  Carrier  
  141  13:39  Carrier  
  147  13:42  Carrier  
  153  13:57  Protoss Shields Level 1  
  153  14:12  Photon Cannon  
  153  14:14  Photon Cannon  
  153  14:17  Protoss Air Weapons Level 2, Photon Cannon  
  153  14:18  Photon Cannon  
  153  14:19  Protoss Air Armor Level 2  
  153  14:21  Photon Cannon  
  153  14:23  Photon Cannon  
  153  14:25  Nexus  
  153  14:38  Pylon  
  153  14:40  Pylon  
  153  14:42  Pylon  
  153  14:45  Pylon  
  153  14:49  Pylon  
  153  14:52  Photon Cannon x2  
  153  14:56  Carrier x2  
  153  14:58  Carrier  
  171  15:01  Carrier  
  161  16:01  Carrier x2  
  161  16:02  Carrier  
  173  16:05  Carrier  
  173  17:05  Carrier x2  
  173  17:06  Carrier  
  191  17:09  Carrier  
Show
View Real Time Build Order
Export as new Build Order

Andy Terran 

Build Orders:  

Get SALT Encoding   

  12  0:01  SCV  
  13  0:17  Supply Depot  
  13  0:18  SCV  
  14  0:30  SCV  
  15  0:40  Barracks  
  15  0:42  SCV  
  16  0:47  Refinery  
  16  0:54  SCV  
  17  1:06  SCV, Refinery  
  18  1:18  SCV  
  19  1:32  Barracks  
  19  1:34  SCV  
  19  1:37  Barracks Reactor  
  20  1:46  SCV  
  21  1:58  SCV  
  22  2:07  Command Center  
  22  2:15  Orbital Command  
  22  2:19  Marine  
  23  2:23  Barracks Tech Lab  
  23  2:44  Supply Depot  
  23  2:47  Supply Depot  
  23  3:02  Supply Depot  
  23  3:05  Marine x2  
  23  3:06  SCV  
  23  3:07  Supply Depot  
  23  3:08  Marine  
  27  3:18  SCV  
  28  3:23  Marine x2  
  28  3:26  SCV, Marine  
  32  3:36  SCV  
  32  3:40  Orbital Command  
  33  3:48  SCV, Factory  
  34  3:49  Marine x3  
  37  3:59  Engineering Bay  
  37  4:00  SCV  
  38  4:09  Marine x2  
  38  4:10  Marine  
  38  4:11  Combat Shield  
  38  4:16  SCV x2  
  43  4:25  Refinery  
  43  4:28  SCV x2, Refinery  
  45  4:32  Terran Infantry Weapons Level 1  
  45  4:34  Marine  
  45  4:37  Factory Tech Lab  
  46  4:41  SCV x2  
  48  4:51  Marine x2  
  48  4:52  Marine  
  51  4:57  Siege Tank  
  54  5:00  SCV x2  
  56  5:12  SCV x2  
  58  5:19  Marine  
  58  5:20  Marine x2  
  61  5:29  Siege Tank  
  61  5:31  Starport  
  64  5:37  Armory  
  64  5:41  Armory  
  64  5:44  Supply Depot x2  
  64  5:48  Supply Depot  
  64  5:58  Marine x3  
  67  6:08  Siege Tank  
  70  6:16  Marine  
  70  6:18  Medivac  
  73  6:19  Marine  
  73  6:20  Marine, Starport  
  75  6:27  Terran Infantry Armor Level 1  
  75  6:31  Stimpack  
  75  6:33  Marine  
  76  6:48  Medivac  
  51  7:20  Marine  
  51  7:21  Marine x2  
  50  7:22  Starport Tech Lab  
  50  7:24  Starport Tech Lab  
  50  7:38  Marine  
  50  7:39  Marine x2  
  53  7:44  Command Center  
  53  7:47  Terran Vehicle And Ship Armor Level 1  
  53  7:48  Terran Ship Weapons Level 1  
  53  7:54  Missile Turret  
  53  7:56  Marine, Siege Tank  
  53  7:57  Marine x2  
  59  8:07  Liberator x2  
  59  8:11  Concussive Shells  
  65  8:14  Marine  
  65  8:15  Marine x2  
  68  8:32  Marine  
  68  8:33  Marine x2  
  71  8:35  Fusion Core  
  71  8:43  Starport x2  
  71  8:45  Starport  
  71  8:49  Starport  
  71  8:50  Marine  
  71  8:52  Starport  
  71  8:55  SCV x2  
  73  8:56  SCV  
  75  9:07  SCV x2  
  75  9:08  SCV  
  78  9:34  SCV x2  
  78  9:35  SCV  
  81  9:41  Siege Tank  
  84  9:46  SCV x2  
  84  9:47  SCV, Starport Tech Lab  
  84  9:49  Starport Tech Lab x2  
  84  9:50  Starport Tech Lab  
  87  9:55  Battlecruiser x2  
  87  9:58  SCV  
  100  10:00  Starport Tech Lab  
  100  10:07  Marine x2  
  100  10:08  Marine  
  100  10:11  Terran Vehicle And Ship Armor Level 2, Terran Ship Weapons Level 2  
  100  10:13  Siege Tank  
  106  10:15  Weapon Refit  
  106  10:25  Marine x2  
  106  10:28  Refinery  
  108  10:31  Refinery  
  108  10:41  Barracks  
  108  10:43  Marine  
  108  10:45  Barracks  
  108  10:46  Command Center  
  109  10:51  Supply Depot  
  109  10:53  Supply Depot  
  109  10:54  Missile Turret  
  109  10:58  Supply Depot  
  109  11:00  Supply Depot x2  
  109  11:01  Supply Depot  
  109  11:03  Supply Depot  
  109  11:05  Supply Depot  
  109  11:12  Marine x3  
  109  11:15  Battlecruiser  
  109  11:17  Battlecruiser  
  124  11:26  Supply Depot  
  124  11:29  Orbital Command  
  124  11:30  Marine x3  
  127  11:35  Barracks Reactor x2  
  127  11:48  Marauder  
  102  12:10  Marauder  
  58  13:03  Marine x7  
  57  13:12  SCV x2  
  58  13:21  Marine x7  
  58  13:24  SCV x2  
  67  13:30  Terran Ship Weapons Level 3, Terran Vehicle And Ship Armor Level 3  
  67  13:36  SCV x2  
  67  13:38  Marine  
  67  13:39  Marine x5  
  72  13:48  SCV  
  72  13:49  SCV  
  74  13:56  Command Center  
  74  14:23  Marine x6  
  80  14:32  Command Center, Terran Infantry Weapons Level 2  
  80  14:38  Engineering Bay  
  80  14:49  SCV  
  81  15:01  SCV  
  82  15:13  SCV  
  83  15:15  Battlecruiser  
  83  15:20  Orbital Command  
  89  15:25  SCV  
  90  15:33  Marine x3  
  90  15:34  Marine x4  
  97  15:39  Missile Turret  
  96  15:51  Marine x3  
  99  15:58  Marine x3  
  99  15:59  Marine  
  103  16:09  Medivac x2, Marine x3  
  110  16:16  Marine x4  
  114  16:23  Refinery  
  114  16:24  Refinery  
  112  16:26  Marine  
  112  16:27  Marine x2  
  94  16:59  Marine x7  
  97  17:17  Marine x7  
  97  17:19  SCV  
  99  17:23  SCV  
  100  17:31  SCV  
  100  17:34  Marine  
  100  17:35  SCV, Marine x4  
  107  17:44  SCV  
  101  17:48  SCV  
  102  17:56  SCV  
  95  18:00  SCV  
  88  18:08  SCV  
  86  18:31  Orbital Command  
  86  18:37  Orbital Command  
Tags
 
Add a new tag
Caveats
  • Supply blocks, unpowered buildings, or Contaminate may cause inaccurate times.
  • Supply counts are checked every 10 seconds.